 Dungeon Crawl Stone Soup version 0.29.1-debian-1-gc3f1650bb9 (webtiles) character file.

Game seed: 13067574864817685793

2185 porpoise the Grappler (level 9, 0/89 HPs)
             Began as a Troll Brigand on Sept 12, 2022.
             Was an Initiate of Hepliaklqana.
             Slain by an orc wizard
             ... wielding a +0 dagger
              (1 damage)
             ... on level 6 of the Dungeon.
             The game lasted 00:17:31 (4520 turns).

porpoise the Grappler (Troll Brigand)               Turns: 4520, Time: 00:17:31

Health: 0/89       AC:  6    Str: 21    XL:     9   Next: 11%
Magic:  8/8        EV:  9    Int:  7    God:    Hepliaklqana [......]
Gold:   63         SH:  0    Dex: 15    Spells: 8/8 levels left

rFire   . . .      SeeInvis .     - Unarmed
rCold   . . .      Faith    .   (no shield)
rNeg    . . .      Spirit   .   e - +0 robe
rPois   .          Reflect  .   (helmet restricted)
rElec   .          Harm     .   c - +1 cloak
rCorr   .          Rampage  .   (gloves unavailable)
Will    .....                   (boots unavailable)
Stlth   ++........              (no amulet)
HPRegen 1.04/turn               (no ring)
MPRegen 0.11/turn               (no ring)

@: about to teleport, hasted, very quick
A: large, unfitting armour, claws 3, regeneration 1, shaggy fur 1, tough skin 1
a: Renounce Religion


You were on level 6 of the Dungeon.
You worshipped Hepliaklqana.
Hepliaklqana was noncommittal.
You visited 2 branches of the dungeon, and saw 7 of its levels.

You collected 292 gold pieces.
You spent 229 gold pieces at shops.

Inventory:

Hand Weapons
 n - a +1 flail of draining
 u - the +7 whip of Amaryi {venom, *Rage Will+ SInv}
   (You found it on level 4 of the Dungeon)

   It poisons the flesh of those it strikes.
   SInv:      It lets you see invisible.
   *Rage:     It berserks you when you make melee attacks (+20% chance).
   Will:      It increases your willpower.
Missiles
 d - 22 poisoned darts (quivered)
 g - 3 curare-tipped darts
 y - 3 boomerangs
Armour
 c - a +1 cloak (worn)
 e - a +0 robe (worn)
Wands
 o - a wand of flame (14)
 t - a wand of paralysis (11)
 v - a wand of mindburst (13)
 w - a wand of polymorph (9)
Scrolls
 b - a scroll of brand weapon {unknown}
 f - a scroll of amnesia
 h - a scroll of magic mapping
 i - a scroll of vulnerability {unknown}
 j - a scroll of poison {unknown}
 k - a scroll of enchant armour
 m - a scroll of immolation
 p - a scroll of teleportation
 q - 2 scrolls of fog
 s - 3 scrolls of enchant weapon
 A - a scroll of blinking
Potions
 a - a potion of cancellation
 l - a potion of attraction
 r - a potion of lignification
 z - a potion of might
 B - a potion of resistance {unknown}


   Skills:
 + Level 6.0 Fighting
 - Level 1.5 Short Blades
 - Level 1.7 Throwing
 - Level 0.7 Dodging
 - Level 2.1 Stealth
 * Level 9.8 Unarmed Combat


You had 8 spell levels left.
You didn't know any spells.
Your spell library contained the following spells:

 Spells                   Type           Power      Damage    Failure   Level
 Magic Dart               Conj           0%         1d3       43%         1
 Sandblast                Erth           0%         2d4       43%         1
 Call Imp                 Summ           0%         N/A       56%         2
 Ensorcelled Hibernation  Hex/Ice        0%         N/A       56%         2
 Passwall                 Tmut/Erth      0%         N/A       56%         2
 Mephitic Cloud           Conj/Pois/Air  0%         N/A       80%         3
 Swiftness                Air            0%         N/A       80%         3


Dungeon Overview and Level Annotations

Branches:
Dungeon (6/15)             Temple (1/1) D:5

Altars:
Ashenzari
Cheibriados
Dithmenos
Elyvilon
Fedhas
Gozag
Hepliaklqana
Kikubaaqudgha
Makhleb
Nemelex Xobeh
Okawaru
Qazlal
Ru
Sif Muna
Trog
Vehumet
Wu Jian
Xom
Yredelemnul
Zin
The Shining One

Shops:
D:6 ?*:

Annotations:
D:6 Grinder


Innate Abilities, Weirdness & Mutations

You are too large for most types of armour.
You have claws for hands.
Your natural rate of healing is unusually fast.
You are covered in fur. (AC +1)
You have tough skin. (AC +1)


Message History

The hound bites you.
You closely miss the centaur.
The centaur is severely wounded.
The centaur hits you. The centaur barely misses you.
The orc hits you but does no damage. The hound bites you.
Grinder shouts!
You mangle the centaur!!
You kill the centaur!
The hound barely misses you. The orc misses you.
Your Fighting skill increases to level 6!
You barely miss the hound. The hound barely misses you.
The orc hits you but does no damage. The orc wizard closely misses you.
The orc wizard barely misses you.
You claw the hound!
The hound is heavily wounded.
The hound barely misses you. The orc hits you but does no damage.
The orc wizard mumbles some strange words.
The orc wizard flickers and vanishes!
Deactivating autopickup; reactivate with Ctrl-A.
You claw the hound!
You kill the hound!
You claw something! The orc hits you but does no damage.
The orc wizard hits you with a +0 dagger.
Something hits you.
The orc warrior hits you with a +0 battleaxe!
* * * LOW HITPOINT WARNING * * *
As you read the scroll of teleportation, it crumbles to dust.
You feel strangely unstable. The orc hits you but does no damage.
The orc barely misses you.
The orc wizard hits you but does no damage.
Something hits you.
* * * LOW HITPOINT WARNING * * *
The orc warrior hits you with a +0 battleaxe!
* * * LOW HITPOINT WARNING * * *
It was a potion of haste.
You feel yourself speed up. The orc hits you with a +0 club.
* * * LOW HITPOINT WARNING * * *
The orc barely misses you.
The orc wizard hits you with a +0 dagger.
You die...

################
+...............
#...............
#......o{o......
#.......@o5.....
#..###..o.###...
#########..###....#
..............[......
...†......>...........
.......................
......##...#########...
#.....##...##.....# ...
########..........##


You could see Grinder, an orc warrior, an orc wizard and 2 orcs.

Vanquished Creatures
  A troll (D:6)
  Prince Ribbit (D:5)
  Sigmund (D:3)
  Eustachio (D:5)
  A steam dragon (D:6)
  Edmund (D:4)
  Menkaure (D:5)
  Duvessa (D:4)
  A black bear (D:5)
  A centaur (D:6)
  A phantom (D:5)
  Blork the orc (D:4)
  A bullfrog (D:6)
  Dowan (D:4)
  3 hounds
  4 jellies
  2 orc priests (D:5)
  Ijyb (D:5)
  3 iguanas
  An orc wizard (D:6)
  A gnoll (D:4)
  8 adders
  2 ufetubi (D:5)
  A worm (D:3)
  3 dart slugs
  13 orcs
  10 ball pythons
  6 endoplasms
  6 giant cockroaches
  6 goblins
  5 hobgoblins
  2 jackals (D:1)
  A quokka (D:2)
  7 bats
  2 frilled lizards
  6 kobolds
  6 rats
113 creatures vanquished.

Vanquished Creatures (others)
  A fungus (D:1)
  6 plants
7 creatures vanquished.

Grand Total: 120 creatures vanquished

Notes
Turn   | Place    | Note
-------+----------+-------------------------------------------
     0 | D:1      | porpoise the Troll Brigand began the quest for the Orb.
     0 | D:1      | Reached XP level 1. HP: 19/19 MP: 0/0
    10 | D:1      | You fall into a shaft and drop 1 floor!
    75 | D:1      | Found a faded altar of an unknown god.
    83 | D:1      | Got Plato's Catalogue of the Boulder
   207 | D:1      | Reached skill level 1 in Unarmed Combat
   213 | D:1      | Reached XP level 2. HP: 28/28 MP: 1/1
   520 | D:1      | Reached skill level 2 in Unarmed Combat
   749 | D:2      | Reached XP level 3. HP: 35/35 MP: 2/2
   890 | D:2      | Upgraded the game from 0.30-a0-58-gc0703345a7 to
                  | 0.29.1-debian-1-gc3f1650bb9
  1168 | D:2      | Reached skill level 3 in Unarmed Combat
  1168 | D:2      | Reached XP level 4. HP: 44/44 MP: 3/3
  1354 | D:3      | Noticed Sigmund
  1399 | D:3      | Killed Sigmund
  1400 | D:3      | Reached skill level 4 in Unarmed Combat
  1400 | D:3      | Reached XP level 5. HP: 21/53 MP: 4/4
  1794 | D:3      | Reached XP level 6. HP: 61/61 MP: 5/5
  2271 | D:4      | Noticed Edmund
  2327 | D:4      | Noticed Dowan
  2327 | D:4      | Noticed Duvessa
  2336 | D:4      | Killed Dowan
  2337 | D:4      | Reached skill level 5 in Unarmed Combat
  2340 | D:4      | Killed Duvessa
  2381 | D:4      | Killed Edmund
  2382 | D:4      | Reached skill level 6 in Unarmed Combat
  2382 | D:4      | Reached XP level 7. HP: 63/68 MP: 6/6
  2615 | D:4      | Noticed Blork the orc
  2629 | D:4      | Killed Blork the orc
  2778 | D:4      | Found a large runed translucent door.
  2779 | D:4      | Found a large runed translucent door.
  2819 | D:4      | Identified the +7 whip of Amaryi {venom, *Rage Will+ SInv}
  2919 | D:4      | Found a snail-covered altar of Cheibriados.
  2934 | D:4      | Found a glowing silver altar of Zin.
  3064 | D:5      | Entered Level 5 of the Dungeon
  3081 | D:5      | Found a white marble altar of Elyvilon.
  3081 | D:5      | Found a sparkling altar of Nemelex Xobeh.
  3144 | D:5      | Noticed Ijyb
  3151 | D:5      | Killed Ijyb
  3186 | D:5      | Found a burning altar of Makhleb.
  3186 | D:5      | Found a shimmering blue altar of Sif Muna.
  3223 | D:5      | Found a stormy altar of Qazlal.
  3225 | D:5      | Found a broken altar of Ashenzari.
  3226 | D:5      | Found an ancient bone altar of Kikubaaqudgha.
  3275 | D:5      | Reached skill level 7 in Unarmed Combat
  3656 | D:5      | Noticed Menkaure
  3661 | D:5      | Killed Menkaure
  3662 | D:5      | Reached XP level 8. HP: 68/79 MP: 7/7
  3725 | D:5      | Found a staircase to the Ecumenical Temple.
  3728 | D:5      | Noticed Eustachio
  3734 | D:5      | Killed Eustachio
  3735 | D:5      | Reached skill level 8 in Unarmed Combat
  3737 | Temple   | Entered the Ecumenical Temple
  3953 | Temple   | Became a worshipper of Hepliaklqana the Forgotten
  4075 | D:5      | Reached skill level 5 in Fighting
  4183 | D:6      | Noticed Prince Ribbit
  4217 | D:5      | Killed Prince Ribbit
  4282 | D:6      | Found Odenevo's Magic Scroll Shop.
  4290 | D:6      | Bought a scroll of identify for 28 gold pieces
  4290 | D:6      | Bought a scroll of blinking for 105 gold pieces
  4290 | D:6      | Bought a scroll of teleportation for 42 gold pieces
  4325 | D:6      | Reached skill level 9 in Unarmed Combat
  4367 | D:6      | Found Egugheyg's Book Shop.
  4373 | D:6      | Noticed a troll
  4388 | D:6      | Killed a troll
  4463 | D:6      | Found Vopoots's Assorted Antiques.
  4475 | D:6      | Bought a lumpy inky potion for 27 gold pieces
  4475 | D:6      | Bought a yellow potion for 27 gold pieces
  4489 | D:6      | Reached XP level 9. HP: 89/89 MP: 8/8
  4512 | D:6      | Noticed Grinder
  4519 | D:6      | HP: 1/89 [orc warrior/+0 battleaxe (12)]
  4520 | D:6      | Slain by an orc wizard

Illustrated notes

Levels and vault maps discovered:
D:1:      minmay_arrival_checkered_box, layout_basic,
          shapermc_ecumenical_altar_rom_forum
D:2:      layout_basic
D:3:      layout_basic, serial_bayou, serial_bayou_crossing,
          serial_bayou_shore_a, serial_bayou_lagoon_a, serial_bayou_pond_e,
          roderic_malta_cross, uniq_sigmund
D:4:      layout_rooms, jmf_multi_god_temple2, uniq_edmund, uniq_duvessa,
          uniq_blork_the_orc
D:5:      layout_loops_cross, nicolae_overflow_two_pavilions,
          grunt_temple_overflow_open, minmay_temple_entry_nine_rooms, uniq_ijyb,
          uniq_menkaure, uniq_eustachio
D:6:      layout_gridville, serial_shops, nicolae_shop_trees,
          nicolae_stop_n_shop_1, shop, chequers_serial_rivers_large_b,
          nicolae_grassy_gnolls, uniq_grinder, uniq_prince_ribbit1
Temple:   minmay_temple_bridge_abc

Skill      XL: |  1  2  3  4  5  6  7  8  9 |
---------------+----------------------------+-----
Unarmed Combat | 1 2 3 4 6 7 9 |  9.8
Fighting       | 2 3 4 5 6 |  6.0
Short Blades   | |  1.5
Throwing       | |  1.7
Dodging        | |  0.7
Stealth        | |  2.1

Action                   |  1- 3 |  4- 6 |  7- 9 || total
-------------------------+-------+-------+-------++-------
Melee: Unarmed           |   101 |    96 |   111 ||   308
       Punch             |     1 |     5 |     8 ||    14
Throw: Dart              |    11 |    10 |    26 ||    47
  Use: Potion            |       |     5 |     3 ||     8
       Scroll            |       |       |    12 ||    12
 Stab: Sleeping          |     5 |     4 |     4 ||    13
Armor: Robe              |    45 |    25 |    36 ||   106
       Skin              |       |    10 |       ||    10
Dodge: Dodged            |    42 |    31 |    55 ||   128
